 Dungeon Crawl Stone Soup version 0.32-a0-996-gb3226c233f (webtiles) character file.

Game seed: 6623796456296844383

104869 ohnonotagain the Severer (level 15, -2/132 HPs)
             Began as a Mountain Dwarf Fighter on Apr 23, 2024.
             Was the Champion of Cheibriados.
             Killed by divine providence
             ... invoked by a meliai
              (12 damage)
             ... on level 15 of the Dungeon.
             The game lasted 01:09:26 (25503 turns).

ohnonotagain the Severer (Mountain Dwarf Fighter)  Turns: 25503, Time: 01:09:26

Health: -2/132     AC: 24    Str: 39    XL:     15   Next: 93%
Magic:  25/25      EV: 15    Int: 26    God:    Cheibriados [******]
Gold:   1788       SH: 12    Dex: 24    Spells: 8/14 levels left

rFire   + + .        b - +10 morningstar "Eos" {elec, Halo rElec}
rCold   . . .        P - +0 buckler {AC+3}
rNeg    + . .        d - +0 pearl dragon scales
rPois   +            e - +0 helmet
rElec   +            s - scarf {rC+ rF+}
rCorr   .            C - +0 pair of gloves
SInv    .            J - +2 pair of boots
Will    +++..        B - amulet of reflection Stlth
                     k - ring of willpower
HPRegen 0.42/turn    K - ring "Poam" {Fire rPois Will+}
MPRegen 0.19/turn

%: reflection
@: about to teleport, glowing, very slow
A: runic magic, artefact enchanting
a: Renounce Religion, Bend Time, Temporal Distortion, Slouch, Step From Time


You were on level 15 of the Dungeon.
You worshipped Cheibriados.
Cheibriados was exalted by your worship.
You visited 4 branches of the dungeon, and saw 23 of its levels.
You also visited: Bailey.

You collected 3572 gold pieces.
You spent 1784 gold pieces at shops.

Inventory:

Hand Weapons
 a - a +0 broad axe
 b - the +10 morningstar "Eos" (weapon) {elec, Halo rElec}
   (You bought it in a shop on level 10 of the Dungeon)

   Halo:      It grants its wielder a halo, revealing invisible creatures and
   increasing accuracy against all within it other than the wielder.
   rElec:     It insulates you from electricity.
Missiles
 f - 3 curare-tipped darts (quivered)
 u - 2 throwing nets
Armour
 d - +0 pearl dragon scales (worn)
 e - a +0 helmet (worn)
 s - a scarf of resistance (worn)
 C - a +0 pair of gloves (worn)
 D - a +0 cloak
 J - a +2 pair of boots (worn)
 N - a +0 pair of boots of flying
 P - a +0 buckler of protection (worn)
Jewellery
 k - a ring of willpower (left hand)
 B - an amulet of reflection (around neck)
 F - an amulet of faith
 G - a ring of positive energy
 I - a +4 ring of protection
 K - the ring "Poam" (right hand) {Fire rPois Will+}
   (You found it on level 6 of the Dungeon)

   [ring of fire]

   Fire:      It enhances your fire magic.
   rF+:       It protects you from fire.
   rC-:       It makes you vulnerable to cold.
   rPois:     It protects you from poison.
   Will+:     It increases your willpower.
 M - a ring of flight
Wands
 r - a wand of warping (19)
 v - a wand of polymorph (15)
 z - a wand of quicksilver (7)
 H - a wand of mindburst (13)
 Q - a wand of flame (36)
 T - a wand of digging (6)
 X - a wand of paralysis (19)
Scrolls
 c - 2 scrolls of identify
 g - 2 scrolls of enchant armour
 j - 6 scrolls of teleportation
 q - a scroll of silence {unknown}
 t - a scroll of fog
 y - a scroll of acquirement
 A - 6 scrolls of torment
 E - 2 scrolls of fear
 S - a scroll of poison
 V - 6 scrolls of revelation
 Y - a scroll of enchant weapon
 Z - 4 scrolls of immolation
Potions
 h - 6 potions of resistance
 i - 12 potions of enlightenment
 l - 7 potions of curing
 m - 8 potions of lignification
 n - 3 potions of magic
 o - a potion of mutation
 w - a potion of berserk rage
 x - 4 potions of brilliance
 L - a potion of invisibility
 U - a potion of heal wounds
 W - 2 potions of ambrosia
Miscellaneous
 O - a phantom mirror
 R - a lightning rod (4/4)


   Skills:
 + Level 11.7 Fighting
 - Level 19.3(20.0) Axes
 + Level 8.9(15.2) Maces & Flails
 + Level 11.6 Armour
 + Level 7.3 Dodging
 * Level 7.6 Shields
 + Level 5.2 Translocations
 + Level 13.7 Invocations
 + Level 7.7 Evocations


You had 8 spell levels left.
You knew the following spells:

 Your Spells              Type           Power      Damage    Failure   Level
b - Blink                 Tloc           54%        N/A       2%          2
q - Passage of Golubria   Tloc           27%        N/A       19%         4

Your spell library contained the following spells:

 Spells                   Type           Power      Damage    Failure   Level
 Magic Dart               Conj           0%         1d3       16%         1
 Call Imp                 Summ           0%         N/A       24%         2
 Cigotuvi's Dreadful Rot  Necr/Alch/Air  0%         N/A       24%         2
 Static Discharge         Conj/Air       0%         3-3/arc   24%         2
 Sublimation of Blood     Necr           0%         N/A       24%         2
 Dazzling Flash           Conj/Hex       0%         N/A       43%         3
 Frozen Ramparts          Ice            0%         1d1       43%         3
 Hailstorm                Conj/Ice       0%         3d5       43%         3
 Ozocubu's Armour         Ice            0%         N/A       43%         3
 Summon Ice Beast         Ice/Summ       0%         N/A       43%         3
 Summon Forest            Summ/Tloc      6%         N/A       83%         5
 Airstrike                Air            0%         2d(0-16)  85%         4
 Ignite Poison            Fire/Alch      0%         N/A       85%         4
 Leda's Liquefaction      Alch/Erth      0%         N/A       85%         4
 Sticky Flame             Fire/Alch      0%         2d4       85%         4
 Summon Lightning Spire   Summ/Air       0%         N/A       85%         4
 Curse of Agony           Necr           0%         N/A       99%         5
 Freezing Cloud           Conj/Ice/Air   0%         6-21      99%         5
 Lee's Rapid Deconstruct  Erth           0%         3d4*      99%         5
 Metabolic Englaciation   Hex/Ice        0%         N/A       99%         5
 Silence                  Hex/Air        0%         N/A       99%         5
 Summon Mana Viper        Hex/Summ       0%         N/A       99%         5
 Permafrost Eruption      Ice/Erth       0%         2x4d1     100%        6
 Sculpt Simulacrum        Ice/Alch       0%         N/A       100%        6
 Starburst                Conj/Fire      0%         6d3       100%        6
 Summon Cactus Giant      Summ           0%         N/A       100%        6
 Rimeblight               Ice/Necr       0%         2d3       (prima100%   7
 Summon Hydra             Summ           0%         N/A       100%        7
 Fulsome Fusillade        Conj/Alch      0%         (3-5)d4   100%        8
 Ignition                 Fire           0%         3d3       100%        8
 Lehudib's Crystal Spear  Conj/Erth      0%         10d2      100%        8


Dungeon Overview and Level Annotations

Branches:
Dungeon (15/15)            Temple (1/1) D:5            Lair (5/5) D:11
  Swamp (0/4) Lair:3        Snake (0/4) Lair:3        Slime (0/5) Lair:4
    Orc (2/2) D:11            Elf (0/3) Orc:2        Vaults (0/5) D:14
 Bailey (visited)
 Depths: D:15

Altars:
Ashenzari
Cheibriados
Dithmenos
Elyvilon
Fedhas
Gozag
Hepliaklqana
Kikubaaqudgha
Makhleb
Nemelex Xobeh
Okawaru
Qazlal
Ru
Sif Muna
Trog
Uskayaw
Vehumet
Wu Jian
Xom
Yredelemnul
Zin
The Shining One
Beogh

Shops:
D:10 *   Orc:2 [=![

Portals:
Trove: D:15 (give +7 demon whip)

Annotations:
D:3 exclusion: downstairs
D:11 2 transporters, Ogru Agg's ghost, journeyman MiHu
D:14 2 transporters, Roesadwodu's ghost, journeyman GrEE
D:15 Azrael


Innate Abilities, Weirdness & Mutations

Your spellcasting is much less encumbered by armour.
You can use scrolls of enchantment on lesser artefacts.


Message History

Items here: )))) [[[[ ††.
You are too injured to fight recklessly!
You are too injured to fight recklessly!
You are too injured to fight recklessly!
The meliai mumbles some strange prayers to its god against you.
Something smites you!
The meliai mumbles some strange prayers to its god against you.
Something smites you!
* * * LOW HITPOINT WARNING * * *
The meliai hits you with a +0 war axe!
* * * LOW HITPOINT WARNING * * *
The meliai stings you but does no damage.
You block the meliai's attack. The meliai stings you!
* * * LOW HITPOINT WARNING * * *
The meliai calls down the wrath of its god upon you.
Something smites you!
* * * LOW HITPOINT WARNING * * *
You block the meliai's attack. The meliai barely misses you.
You are too injured to fight recklessly!
You are too injured to fight recklessly!
Okay, then.
You feel much better.
The meliai mumbles some strange prayers to its god against you.
Something smites you!
* * * LOW HITPOINT WARNING * * *
You block the meliai's attack.
The meliai stings you but does no damage.
A yaktaur comes into view.
You block the meliai's attack.
The meliai stings you but does no damage.
Unknown command.
As you read the scroll of teleportation, it crumbles to dust.
You feel strangely unstable.
The meliai invokes the aid of its god against you.
Something smites you!
* * * LOW HITPOINT WARNING * * *
The meliai mumbles some strange prayers to its god against you.
Something smites you!
You die...
Cheibriados appreciates the motionlessness of death.

# ###........# #
##..........#
##..........##
#...........#
##...........#
##..........###
#.....∩..#.##
#........#.#
##########@#
##y######
###ooy....##
###..yo......#
#.............#
#..............#
#..............#
..c.............#
###.............##


You could see an orc knight, a yaktaur, 3 meliai, an orc priest (strong) and an
orc (strong).

Vanquished Creatures
  Frances (D:13)
  Kirke (D:13)
  Louise (D:14)
  2 orc warlords
  A dire elephant (Lair:5)
  Snorg (D:10)
  9 hydras
  7 centaur warriors
  5 ogre magi
  3 catoblepae (Lair:5)
  20 two-headed ogres
  5 tengu warriors (D:14)
  An orc high priest (Orc:2)
  4 death yaks (Lair:5)
  Sonja (D:13)
  3 skysharks
  6 skeletal warriors
  A fire crab (shapeshifter) (D:12)
  2 arcanists (D:14)
  A bog body (Lair:3)
  A lindwurm (Lair:5)
  An obsidian bat (Orc:2)
  A necromancer (D:14)
  2 orc sorcerers
  8 manticores
  2 oklob plants (D:11)
  5 cyclopes
  4 orc knights
  10 ugly things
  3 elephants (Lair:3)
  5 black mambas
  2 gargoyles
  12 cane toads
  A torpor snail (Lair:5)
  2 unseen horrors
  5 rime drakes
  5 komodo dragons
  2 efreet
  A yaktaur (D:12)
  2 freezing wraiths
  3 red devils (D:8)
  2 queen bees (shapeshifter) (D:13)
  A tengu conjurer (D:14)
  A troll (shapeshifter) (D:14)
  Grinder (D:4)
  7 trolls
  8 blink frogs
  20 slime creatures
  6 spriggans (Lair:3)
  A shadow (D:11)
  5 wyverns
  A vampire (D:12)
  2 wraiths
  51 yaks
  A hog (D:13)
  4 wargs
  6 vampire mosquitoes
  3 basilisks
  A steam dragon (D:6)
  The ghost of bmj180 the Conjurer, an amateur HuCj (D:6)
  A naga (Lair:3)
  A hell hound (D:14)
  An acid dragon (D:9)
  21 water moccasins
  Duvessa (D:5)
  3 ice beasts (D:6)
  32 orc warriors
  2 sky beasts
  21 wolves
  4 black bears
  31 ogres
  10 centaurs
  A phantom (D:5)
  3 kobold brigands
  14 bullfrogs
  A gnoll sergeant (D:12)
  A scorpion (D:6)
  12 wights
  Dowan (D:5)
  21 killer bees
  2 howler monkeys
  2 electric eels (Lair:3)
  Crazy Yiuf (D:4)
  2 jellies
  3 bombardier beetles
  2 hounds (D:5)
  10 orc priests
  2 water moccasin simulacra (D:6)
  2 gnoll boudas
  7 sleepcaps
  6 iguanas
  16 orc wizards
  7 hell rats (Lair:4)
  A bullfrog simulacrum (D:6)
  A centaur simulacrum (D:6)
  A boggart simulacrum (D:14)
  A killer bee simulacrum (D:6)
  15 gnolls
  6 adders
  2 shadow imps
  3 white imps
  4 ribbon worms
  67 orcs
  4 ball pythons
  2 bats (D:1)
  9 endoplasms
  6 giant cockroaches
  11 goblins
  4 hobgoblins
  2 jackals (D:3)
  3 quokkas
  3 frilled lizards
  36 kobolds
  5 rats
704 creatures vanquished.

Vanquished Creatures (others)
  A white imp (D:6)
  A kobold (D:7)
2 creatures vanquished.

Grand Total: 706 creatures vanquished

Notes
Turn   | Place    | Note
-------+----------+-------------------------------------------
     0 | D:1      | ohnonotagain the Mountain Dwarf Fighter began the quest for
                  | the Orb.
     0 | D:1      | Reached XP level 1. HP: 19/19 MP: 1/1
   290 | D:1      | Reached XP level 2. HP: 26/26 MP: 2/2
   341 | D:1      | Reached skill level 3 in Axes
   907 | D:2      | Reached XP level 3. HP: 26/31 MP: 3/3
   926 | D:2      | Found a faded altar of an unknown god.
  1129 | D:2      | Found a shimmering altar of Xom.
  1559 | D:3      | Reached XP level 4. HP: 33/40 MP: 4/4
  1637 | D:3      | Reached skill level 4 in Axes
  2286 | D:3      | Reached XP level 5. HP: 41/46 MP: 5/5
  2343 | D:4      | Noticed Grinder
  2357 | D:3      | Reached skill level 5 in Axes
  2581 | D:4      | Reached XP level 6. HP: 48/53 MP: 6/6
  2609 | D:5      | Entered Level 5 of the Dungeon
  2890 | D:4      | Found a runed translucent door.
  2891 | D:4      | Noticed Crazy Yiuf
  2899 | D:4      | Killed Crazy Yiuf
  3007 | D:4      | Found a stormy altar of Qazlal.
  3029 | D:4      | Noticed a sky beast
  3057 | D:5      | Reached skill level 6 in Axes
  3073 | D:5      | Reached skill level 1 in Dodging
  3144 | D:5      | Reached skill level 5 in Fighting
  3144 | D:5      | Reached XP level 7. HP: 41/61 MP: 7/7
  3152 | D:5      | Reached skill level 5 in Armour
  3257 | D:5      | Noticed Duvessa
  3271 | D:5      | Killed Duvessa
  3274 | D:5      | Noticed Dowan
  3284 | D:5      | Killed Dowan
  3285 | D:5      | Reached skill level 7 in Axes
  3285 | D:5      | Found a staircase to the Ecumenical Temple.
  3294 | Temple   | Entered the Ecumenical Temple
  3301 | Temple   | Became a worshipper of Cheibriados the Contemplative
  3446 | D:5      | Reached skill level 1 in Invocations
  3465 | D:5      | Reached XP level 8. HP: 9/69 MP: 7/9
  3843 | D:6      | Reached skill level 8 in Axes
  3951 | D:6      | Reached * piety under Cheibriados
  3959 | D:6      | Noticed bmj180's ghost (amateur HuCj)
  4102 | D:6      | Found a runed translucent gate.
  4102 | D:6      | Found a runed translucent gate.
  4102 | D:6      | Found a runed translucent gate.
  4179 | D:6      | Found a bloodstained altar of Trog.
  4785 | D:6      | Killed bmj180's ghost
  4786 | D:6      | Reached skill level 9 in Axes
  4801 | D:6      | Reached XP level 9. HP: 34/78 MP: 10/12
  4974 | D:6      | Got the ring "Poam" {Fire rPois Will+}
  5080 | D:7      | Reached ** piety under Cheibriados
  5087 | D:7      | Reached skill level 10 in Axes
  5087 | D:7      | Reached skill level 5 in Invocations
  5144 | D:7      | Found a flagged portal.
  5149 | Bailey   | Entered a bailey
  5218 | Bailey   | Noticed an orc knight
  5348 | Bailey   | Killed an orc knight
  5349 | Bailey   | Reached XP level 10. HP: 79/86 MP: 14/14
  5447 | Bailey   | Identified the +1 flail of Tumult {venom, *Noise rC+ rN+
                  | rCorr}
  5452 | Bailey   | Reached *** piety under Cheibriados
  5967 | D:7      | Reached skill level 11 in Axes
  6184 | D:7      | Found a broken altar of Ashenzari.
  6299 | D:7      | Learned a level 2 spell: Blink
  6926 | D:8      | Reached skill level 1 in Translocations
  7187 | D:8      | Reached **** piety under Cheibriados
  7249 | D:8      | Reached skill level 12 in Axes
  7722 | D:8      | Reached XP level 11. HP: 46/95 MP: 16/16
  7885 | D:9      | Reached ***** piety under Cheibriados
  8109 | D:9      | Reached skill level 13 in Axes
  8327 | D:9      | Found a sacrificial altar of Ru.
  8965 | D:4      | Found a stormy altar of Qazlal.
  9027 | D:4      | Killed Grinder
  9130 | D:10     | Entered Level 10 of the Dungeon
  9394 | D:10     | Found a blossoming altar of Fedhas.
  9460 | D:10     | Noticed Snorg
  9489 | D:10     | Killed Snorg
  9490 | D:10     | Reached skill level 14 in Axes
  9890 | D:10     | Found Kuqi's Assorted Antiques.
 10227 | D:11     | Found a staircase to the Lair.
 10238 | D:11     | Noticed an oklob plant
 10238 | D:11     | Noticed an oklob plant
 10280 | D:11     | Noticed a cyan ugly thing
 10292 | D:11     | Killed a cyan ugly thing
 10570 | D:11     | Reached skill level 15 in Axes
 10647 | D:11     | Identified the +1 leather armour of the Komodo Dragon {+Inv
                  | rN+ Dex+3}
 10650 | D:11     | Noticed a tengu warrior
 10650 | D:11     | Noticed Ogru Agg's ghost (journeyman MiHu)
 10665 | D:11     | Found a transporter.
 10672 | D:11     | Found a bloodstained altar of Trog.
 10687 | D:11     | Found a transporter.
 10702 | D:11     | Noticed a two-headed ogre
 10711 | D:11     | Killed a two-headed ogre
 10712 | D:11     | Reached skill level 10 in Invocations
 10982 | D:11     | Found a staircase to the Orcish Mines.
 11366 | D:11     | Killed an oklob plant
 11583 | D:11     | Killed an oklob plant
 11583 | D:11     | Reached ****** piety under Cheibriados
 11584 | D:11     | Reached XP level 12. HP: 89/103 MP: 19/19
 11646 | Lair:1   | Entered Level 1 of the Lair of Beasts
 11838 | Lair:1   | Reached skill level 16 in Axes
 12279 | Lair:1   | Reached skill level 17 in Axes
 12404 | Lair:1   | Identified the +0 ring mail of Tyemywn {rF+}
 13519 | Lair:3   | Reached skill level 5 in Translocations
 13543 | Lair:3   | Reached skill level 18 in Axes
 13577 | Lair:3   | Noticed a six-headed hydra
 13596 | Lair:3   | Killed a six-headed hydra
 13957 | Lair:3   | Found a staircase to the Snake Pit.
 13983 | Lair:3   | Reached XP level 13. HP: 57/108 MP: 20/20
 14340 | Lair:3   | Reached skill level 19 in Axes
 14554 | Lair:3   | Identified a scroll of acquirement
 14556 | Lair:3   | Found a staircase to the Swamp.
 15002 | D:10     | Bought the +10 morningstar "Eos" {elec, Halo rElec} for
                  | 1628 gold pieces
 15002 | D:10     | Found the +10 morningstar "Eos" {elec, Halo rElec}
 15299 | Lair:4   | Reached skill level 1 in Maces & Flails
 15303 | Lair:4   | Reached skill level 1 in Evocations
 15580 | Lair:4   | Found a staircase to the Slime Pits.
 16459 | Lair:5   | Entered Level 5 of the Lair of Beasts
 16465 | Lair:5   | Reached skill level 5 in Dodging
 17104 | Lair:5   | Identified the +6 rapier of Zefuorgh {speed, rElec rF+
                  | Int-5}
 18020 | Lair:5   | Reached XP level 14. HP: 117/118 MP: 22/22
 18069 | Lair:5   | Reached skill level 5 in Maces & Flails
 18801 | Orc:1    | Entered Level 1 of the Orcish Mines
 18801 | Orc:1    | Noticed an orc warlord
 18812 | D:11     | Killed an orc warlord
 19284 | Orc:2    | Entered Level 2 of the Orcish Mines
 19313 | Orc:2    | Reached skill level 10 in Fighting
 19341 | Orc:1    | Reached skill level 10 in Armour
 19346 | Orc:1    | Reached skill level 5 in Evocations
 19990 | Orc:2    | Found Utasmy's Antique Armour Emporium.
 19990 | Orc:2    | Found Byanlel's Jewellery Boutique.
 19990 | Orc:2    | Found Ompeh's Distillery.
 19990 | Orc:2    | Found Woet's Antique Armour Shoppe.
 20119 | Orc:2    | Bought a potion of ambrosia for 96 gold pieces
 20119 | Orc:2    | Bought a potion of berserk rage for 60 gold pieces
 20249 | Orc:2    | Found a staircase to the Elven Halls.
 20544 | Orc:2    | Found a roughly hewn altar of Beogh.
 20575 | Orc:2    | Found a burning altar of Makhleb.
 20850 | Orc:1    | Noticed an orc warlord
 20857 | Orc:1    | Killed an orc warlord
 21282 | D:12     | Reached XP level 15. HP: 105/128 MP: 15/24
 21714 | D:12     | Reached skill level 5 in Shields
 22375 | D:13     | Noticed Kirke
 22385 | D:13     | Killed Kirke
 22718 | D:13     | Noticed Sonja
 22719 | D:13     | Killed Sonja
 22884 | D:13     | Noticed Frances
 22891 | D:13     | Killed Frances
 23662 | D:14     | Noticed Louise
 23705 | D:14     | Killed Louise
 24505 | D:13     | Learned a level 4 spell: Passage of Golubria
 24542 | D:14     | Found a transporter.
 24542 | D:14     | Noticed Roesadwodu's ghost (journeyman GrEE)
 24561 | D:14     | Found a transporter.
 24562 | D:14     | Noticed a storm dragon
 24801 | D:14     | Found a gate to the Vaults.
 25122 | D:15     | Entered Level 15 of the Dungeon
 25122 | D:15     | Noticed Azrael
 25466 | D:15     | Found a portal to a secret trove of treasure.
 25503 | D:15     | Killed from afar by a meliai

Illustrated notes

Levels and vault maps discovered:
D:1:      spicycebolla_green_bress_n_ham_2, layout_loops_ring,
          minmay_tree_intersection
D:2:      layout_rooms, basic_ecumenical_altar, basic_altar
D:3:      layout_loops_ring, minmay_misc_feat_tiny
D:4:      layout_cave_pools, nicolae_qazlal_beasts_of_the_sky, kennysheep_nub,
          minivault_23, uniq_grinder, uniq_crazy_yiuf_cottage
D:5:      cheibrodos_barr_body, layout_rooms, minmay_temple_entry_sparse_star,
          uniq_duvessa
D:6:      layout_loops_ring, mainiacjoe_overflow_catwalk, gammafunk_ghost_icy
D:7:      layout_loops_ring, ashenzari_conservatory_becter, enter_bailey_3
D:8:      layout_gridville, minivault_1, einodemon_armed_red_devil_minivault
D:9:      layout_rooms, mainiacjoe_overflow_boulevard
D:10:     layout_basic, kennysheep_mini_moat, serial_shops,
          nicolae_lakefront_shop, uniq_snorg
D:11:     layout_basic, dpeg_oklobed_lair, gammafunk_ghost_wrathful_warriors,
          minmay_misc_feat_tower
D:12:     layout_roguey, minivault_28
D:13:     layout_gridville, uniq_sonja, uniq_frances, uniq_kirke
D:14:     layout_cave_pods, david_vaults_1, gammafunk_ghost_arena,
          minmay_misc_feat_hallway, minmay_joined_circles, uniq_louise
D:15:     grunt_enter_depths_snipers, layout_cave_pods, enter_trove_1,
          hangedman_decor_clover_reticule, uniq_azrael
Temple:   minmay_crystal_spiral_temple
Lair:1:   layout_roguey, eino_small_chamber_without_monster,
          serial_bayou_pond_c, nicolae_quartered_pool_impasse,
          guppyfry_lair_drakes
Lair:2:   layout_cave_pods
Lair:3:   layout_long_grid, skrybe_swamp_entry_bodies,
          guppyfry_snake_entry_island, wad_woods_01, serial_bayou_shore_a
Lair:4:   layout_long_grid, minmay_slime_entry_pillars, serial_forest,
          infiniplex_forest_fountain, infiniplex_forest_end_2,
          infiniplex_forest_corner_2, infiniplex_forest_zigzag_2
Lair:5:   hangedman_lair_in_review, layout_layer_cave,
          grunt_forest_small_clearing_treed, grunt_megastairs_4
Orc:1:    layout_diamond_mine
Orc:2:    st_orc_ogre_mass, layout_caves, regret_index_minedec_devilstone

Skill      XL: |  1  2  3  4  5  6  7  8  9 10 11 12 13 14 15 |
---------------+----------------------------------------------+-----
Axes           | 3 4 5 6 7 9 10 12 15 18 19 | 19.3
Armour         | 4 5 6 7 8 9 10 11 | 11.6
Shields        | 4 7 |  7.6
Fighting       | 4 5 6 7 8 9 10 11 | 11.7
Dodging        | 1 2 3 4 5 6 7 |  7.3
Invocations    | 1 4 5 7 10 11 12 13 | 13.7
Translocations | 2 5 |  5.2
Maces & Flails | 4 7 8 |  8.9
Evocations     | 4 6 7 |  7.7

Action                     |  1- 3 |  4- 6 |  7- 9 | 10-12 | 13-15 || total
---------------------------+-------+-------+-------+-------+-------++-------
  Melee: War axe           |   106 |    85 |       |       |       ||   191
         Broad axe         |       |    63 |   307 |   703 |   242 ||  1315
         Flail             |       |       |       |    27 |     5 ||    32
         Morningstar       |       |       |       |       |   638 ||   638
  Throw: Boomerang         |       |       |     3 |     4 |     2 ||     9
         Dart              |       |       |       |       |     1 ||     1
   Cast: Blink             |       |       |       |       |     2 ||     2
 Invoke: Slouch            |       |       |       |       |    10 ||    10
  Evoke: Lightning rod     |       |       |       |     4 |       ||     4
         Wand              |       |       |       |       |     2 ||     2
    Use: Scroll            |     1 |     3 |     7 |    15 |     4 ||    30
         Potion            |       |       |     4 |     2 |     2 ||     8
   Stab: Invisible         |       |       |       |     3 |       ||     3
         Petrifying        |       |       |       |       |     1 ||     1
 Armour: Scale mail        |    47 |       |       |       |       ||    47
         Plate armour      |    39 |   138 |   181 |   406 |   572 ||  1336
         Skin              |       |       |    35 |       |       ||    35
         Pearl dragon scal |       |       |       |       |    68 ||    68
  Dodge: Dodged            |    35 |    47 |    76 |   272 |   431 ||   861
  Block: Buckler           |    26 |    51 |   181 |   386 |   507 ||  1151
         Reflection        |       |       |     7 |    18 |    30 ||    55

Table legend: (Time is in decaauts)
 A = Elapsed time spent in this place.
 B = Non-inter-level travel time spent in this place.
 C = Inter-level travel time spent in this place.
 D = Time resting spent in this place.
 E = Time spent auto-exploring this place.
 F = Levels seen in this place.
 G = Mean time per level.
                   A        B        C        D        E       F      G
               +--------+--------+--------+--------+--------+-----+--------+
         Total |  35750 |  32532 |   3218 |   1881 |  25323 |  24 | 1489.6 |
       Dungeon |  21081 |  19046 |   2035 |   1149 |  14623 |  15 | 1405.4 |
        Temple |     16 |      9 |      7 |      0 |      0 |   1 |   16.0 |
          Lair |  11028 |  10072 |    956 |    131 |   8722 |   5 | 2205.6 |
  Orcish Mines |   2798 |   2579 |    219 |    366 |   1720 |   2 | 1399.0 |
        Bailey |    826 |    826 |      0 |    235 |    256 |   1 |  826.0 |
               +--------+--------+--------+--------+--------+-----+--------+

Top non-repeatable levels by time:
  Lair:5: 3276 daAuts
    D:14: 2925 daAuts
  Lair:4: 2266 daAuts
  Lair:3: 2227 daAuts
    D:11: 2178 daAuts
    D:13: 1895 daAuts
  Lair:1: 1811 daAuts
    D:10: 1751 daAuts
     D:8: 1700 daAuts
     D:6: 1592 daAuts
   Orc:2: 1561 daAuts
    D:12: 1490 daAuts
  Lair:2: 1446 daAuts
     D:7: 1344 daAuts
     D:9: 1312 daAuts
